 Dungeon Crawl Stone Soup version 0.31-a0-18-gea43df2a32 (webtiles) character file.

Game seed: 1035739746804198336

45 CowFu the Trooper (level 3, 0/42 HPs)
             Began as an Ogre Berserker on May 13, 2023.
             Was a Follower of Trog.
             Slain by Sigmund
             ... wielding a +0 scythe
              (8 damage)
             ... on level 2 of the Dungeon.
             The game lasted 00:01:20 (1383 turns).

CowFu the Trooper (Ogre Berserker)                  Turns: 1383, Time: 00:01:21

Health: 0/42       AC:  3    Str: 23    XL:     3   Next: 64%
Magic:  3/3        EV: 10    Int:  8    God:    Trog [*.....]
Gold:   115        SH:  0    Dex:  8    Spells: 2/2 levels left

rFire   . . .        a - +0 mace
rCold   . . .        (no shield)
rNeg    . . .        b - +0 animal skin
rPois   .            (helmet restricted)
rElec   .            (no cloak)
rCorr   .            (gloves unavailable)
SInv    .            (boots unavailable)
Will    .....        (no amulet)
Stlth   +            (no ring)
HPRegen 0.27/turn    (no ring)
MPRegen 0.08/turn

%: no passive effects
@: confused, on berserk cooldown, slowed, very slow
A: large, unfitting armour, tough skin 1
a: Renounce Religion, Berserk


You were on level 2 of the Dungeon.
You worshipped Trog.
Trog was aware of your devotion.
You visited 1 branch of the dungeon, and saw 2 of its levels.

You collected 115 gold pieces.

Inventory:

Hand Weapons
 a - a +0 mace (weapon)
Armour
 b - a +0 animal skin (worn)
Scrolls
 c - 2 scrolls of identify {unknown}
 e - 2 scrolls of enchant armour {unknown}
Potions
 d - a potion of invisibility {unknown}


   Skills:
 + Level 5.1 Fighting
 + Level 3.4 Maces & Flails
 - Level 2.6 Dodging


You had 2 spell levels left.
You didn't know any spells.
Your spell library was empty.

Dungeon Overview and Level Annotations

Branches:
Dungeon (2/15)

Altars:

Annotations:
D:2 Sigmund


Innate Abilities, Weirdness & Mutations

You are too large for most types of armour.
You have tough skin. (AC +1)


Message History

You bump into the rock wall.
You bump into the rock wall.
You bump into the rock wall.
Sigmund misses you.
You bump into the rock wall.
You feel less confused. Sigmund closely misses you.
Okay, then.
Sigmund hits you from afar with a +0 scythe!
Sigmund hits you with a +0 scythe!
A red film seems to cover your vision as you go berserk!
You feel yourself moving faster!
You feel mighty!
You thump Sigmund!
Sigmund is severely wounded.
Sigmund says, "Don't worry, I'll kill you fast."
Sigmund points at you and mumbles some strange words.
You are confused.
Sigmund barely misses you.
You barely miss Sigmund.
Sigmund is severely wounded.
Sigmund hits you from afar with a +0 scythe.
You feel a strong urge to attack something.
You bump into the rock wall.
Sigmund barely misses you.
You feel your anger nearly subside.
You are no longer berserk.
You are exhausted.
You feel yourself slow down.
You hit Sigmund but do no damage.
Sigmund is severely wounded.
You feel less confused.
Sigmund points at you and mumbles some strange words.
You are confused.
Sigmund mumbles some strange words.
Sigmund flickers and vanishes!
Something hits you!
You bump into the rock wall.
You hear some strange, mumbled words.
A puff of flame appears from out of thin air!
The puff of flame hits you!
* * * LOW HITPOINT WARNING * * *
Something hits you!
You die...

.......................#
#.#
#.#.###.....##.........#
#.#
#........#..##.........#
#.#
#######...........#######
#.# #.........### #.# #.#
# ......# #.# #.#####
#... #...# #.# #......
.....#...#####.# #######
#......@.....w.# #
#.........####.# #
........#.####.#########
###.........##.@......##
###.........##.######.##
#..............#### #.##
#..............# #.##
...............# #@##
......#........# ###.##


You could see a worm.

Vanquished Creatures
  An adder (D:2)
  4 dart slugs (D:1)
  4 endoplasms
  3 goblins
  2 hobgoblins (D:1)
  A quokka (D:2)
  7 ball pythons
  2 bats (D:1)
  A kobold (D:1)
  3 rats
28 creatures vanquished.

Notes
Turn   | Place    | Note
-------+----------+-------------------------------------------
     0 | D:1      | CowFu the Ogre Berserker began the quest for the Orb.
     0 | D:1      | Reached XP level 1. HP: 24/24 MP: 1/1
   268 | D:2      | Reached XP level 2. HP: 33/33 MP: 2/2
   619 | D:1      | Reached XP level 3. HP: 34/41 MP: 3/3
  1138 | D:2      | Reached skill level 5 in Fighting
  1315 | D:2      | Noticed Sigmund
  1383 | D:2      | Slain by Sigmund

Illustrated notes

Levels and vault maps discovered:
D:1:      minmay_arrival_arboretum_small, layout_loops_corners
D:2:      minmay_angry_zag, layout_basic, kennysheep_generic_room_8,
          uniq_sigmund

Skill      XL: |  1  2  3 |
---------------+----------+-----
Maces & Flails | 3 |  3.4
Fighting       | 5 |  5.1
Dodging        | |  2.6

Action                     || total
---------------------------++-------
  Melee: Mace              ||    83
 Invoke: Berserk           ||     1
 Armour: Animal skin       ||    18
  Dodge: Dodged            ||    40

Table legend: (Time is in decaauts)
 A = Elapsed time spent in this place.
 B = Non-inter-level travel time spent in this place.
 C = Inter-level travel time spent in this place.
 D = Time resting spent in this place.
 E = Time spent auto-exploring this place.
 F = Levels seen in this place.
 G = Mean time per level.
                   A        B        C        D        E       F      G
               +--------+--------+--------+--------+--------+-----+--------+
         Total |   1403 |   1380 |     23 |      0 |   1110 |   2 |  701.5 |
       Dungeon |   1403 |   1380 |     23 |      0 |   1110 |   2 |  701.5 |
               +--------+--------+--------+--------+--------+-----+--------+

Top non-repeatable levels by time:
     D:1: 1050 daAuts
     D:2: 353 daAuts
